[Event "*** Titled Tuesday Blitz"]
[Site "Chess.com"]
[Date "2020.12.01"]
[Round "2"]
[White "Leonid_Starozhilov"]
[Black "PelinGorki"]
[Result "1-0"]
[WhiteElo "2653"]
[BlackElo "2394"]
[TimeControl "180+1"]
[EndTime "10:16:41 PST"]
[Termination "Leonid_Starozhilov won on time"]

1. e4 d6 2. d4 Nf6 3. Nc3 c6 4.
h3 Nbd7 5. Nge2 e5 6. g3 Be7 7. Bg2 b5 8. a3 Bb7 9. O-O O-O 10. Be3 a5 11. b4 Qc7 12. g4 Rfd8 13. Ng3 exd4 14.
Bxd4 c5 15. bxc5 dxc5 16. Bxf6 Nxf6 17. Nxb5 Qe5 18. Qe2 a4 19. c4 Bc6 20. f4 Qb8 21. e5 Bxg2 22. Qxg2 Nd7 23. Nf5 Bf8 24. Rad1 Nb6 25.
Qe4 Rxd1 26. Rxd1 Ra5 27. Nfd6 Bxd6 28. Nxd6 Nc8 29. Nb7 g6 30. Nxa5 1-0

[Event "*** Titled Tuesday Blitz"]
[Site "Chess.com"]
[Date "2020.12.01"]
[Round "2"]
[White "stefy02"]
[Black "Kretov_Evgenij"]
[Result "0-1"]
[WhiteElo "2253"]
[BlackElo "2450"]
[TimeControl "180+1"]
[EndTime "10:16:41 PST"]
[Termination "Kretov_Evgenij won by resignation"]

1. e4 c5 2. Nf3 Nc6 3. Bb5 a6 4.
Bxc6 dxc6 5. O-O Qc7 6. h3 e5 7. c3 Bd6 8. d4 cxd4 9. cxd4 exd4 10. Qxd4 f6 11. Re1 c5 12. Qc3 Ne7 13. e5 fxe5 14. Nxe5 Be6 15. Nf3 Bd5 16. Bg5 O-O 17.
Nbd2 Rae8 18. Rad1 Qc6 19. Bxe7 Rxe7 20. Rxe7 Bxe7 21.
Re1 Bf6 22. Qc2 b5 23. Ne4 Bxe4 24. Rxe4 Qd5 25. b3 Rd8 26. Re1 c4 27. bxc4 bxc4 28. Nh2 Qd3 29. Qa4 c3 30. Qb3+ Kh8 31. Ng4 Qd2 32. Qe6 Rf8 33. Nxf6 gxf6 34. Qe7 Kg8 35. Qe5 fxe5 0-1

[Event "*** Titled Tuesday Blitz"]
[Site "Chess.com"]
[Date "2020.12.01"]
[Round "2"]
[White "Oleksandr_Bortnyk"]
[Black "maximnovik"]
[Result "1-0"]
[WhiteElo "2878"]
[BlackElo "2548"]
[TimeControl "180+1"]
[EndTime "10:16:42 PST"]
[Termination "Oleksandr_Bortnyk won by resignation"]

1. e4 c6 2. c4 d5 3. cxd5 cxd5 4. exd5 Nf6 5. Qa4+ Nbd7 6. Nc3 g6 7. Bc4 a6 8. d3 Qc7 9. Nf3 Bg7 10. O-O O-O 11.
Qa3 b5 12. Bxb5 axb5 13. Qxa8 b4 14. Ne4 Bb7 15. Qa4 Nxd5 16. Qb3 Nc5 17. Nxc5 Qxc5 18. Re1 h6 19. d4 Qd6 20. Ne5 e6 21. Bd2 g5 22. Rac1 f6 23. Nc4 Qd7 24. Bxb4 Rd8 25. Bd2 Ba8 26. a4 h5 27. Qh3 h4 28. Qxe6+ Qxe6 29.
Rxe6 Kf7 30. Rd6 Rb8 31. Rd7+ Kg6 32. a5 Bf8 33. a6 Bc6 34. Ne5+ fxe5 35. Rxc6+ Kf5 36.
Rxd5 Rxb2 37. Rxe5+ 1-0

[Event "*** Titled Tuesday Blitz"]
[Site "Chess.com"]
[Date "2020.12.01"]
[Round "2"]
[White "kuban1991"]
[Black "amatatanav"]
[Result "1-0"]
[WhiteElo "2814"]
[BlackElo "2418"]
[TimeControl "180+1"]
[EndTime "10:16:42 PST"]
[Termination "kuban1991 won on time"]

1. Nf3 Nf6 2. g3 e6 3. Bg2 d5 4. O-O Be7 5. d3 O-O 6. Nbd2 c5 7. e4 Nc6 8. Re1 b5 9. e5 Nd7 10. Nf1 Bb7 11. h4 Qb6 12. h5 Rfc8 13. h6 g6 14.
N1h2 c4 15. d4 c3 16. b3 a5 17. a3 a4 18. b4 Nxb4 19. axb4 Bxb4 20. Ng4 Be7 21.
Bg5 Bf8 22. Qc1 b4 23. Qf4 b3 24. Bh4 b2 25. Ng5 Nxe5 26. Qxe5 Qc7 27. Rab1 Qxe5 28.
dxe5 Rc7 29. Re3 a3 30. Rxc3 Rxc3 31. Nf6+ 1-0

[Event "*** Titled Tuesday Blitz"]
[Site "Chess.com"]
[Date "2020.12.01"]
[Round "2"]
[White "Sueetin"]
[Black "Malev212"]
[Result "0-1"]
[WhiteElo "2263"]
[BlackElo "2541"]
[TimeControl "180+1"]
[EndTime "10:16:42 PST"]
[Termination "Malev212 won by resignation"]

1. e4 c5 2. Nf3 e6 3. d4 cxd4 4. Nxd4 Nf6 5. Nc3 d6 6. Be3 a6 7. Be2 Qc7 8. O-O Nbd7 9. f4 b5 10. Bf3 Bb7 11. a3 Be7 12. g4 Nc5 13. e5 dxe5 14.
fxe5 Nfd7 15. b4 Na4 16. Nxa4 bxa4 17. Nxe6 fxe6 18. Bxb7 Qxb7 19. c4 Nxe5 20. Qxa4+ Qc6 21. Qa5 Nxc4 22. Qh5+ g6 23. Qh6 Qe4 24. Bc5 Qxg4+ 25.
Kh1 Bxc5 26. bxc5 O-O-O 27. Rf4 Rd1+ 28. Rxd1 Qxd1+ 29. Kg2 Qd2+ 30. Rf2 Qxh6 0-1

[Event "*** Titled Tuesday Blitz"]
[Site "Chess.com"]
[Date "2020.12.01"]
[Round "2"]
[White "tylityli"]
[Black "seorobert1971"]
[Result "0-1"]
[WhiteElo "2325"]
[BlackElo "2782"]
[TimeControl "180+1"]
[EndTime "10:16:43 PST"]
[Termination "seorobert1971 won by resignation"]

1. d4 Nf6 2. c4 g6 3. Nc3 d5 4. cxd5 Nxd5 5. Bd2 Bg7 6. e4 Nb6 7.
Be3 Nc6 8. d5 Ne5 9. Bd4 O-O 10.
Nf3 Bg4 11. Be2 Nxf3+ 12. Bxf3 Bxf3 13. gxf3 Bxd4 14. Qxd4 e6 15. O-O-O exd5 16. Nxd5 Nxd5 17. Qxd5 Qf6 18. e5 Qf5 19. Qe4 Qe6 20. Kb1 Rae8 21. f4 c6 22. h4 h5 23. Rhg1 Kh7 24. Rg5 Kh6 25. Rdg1 Rg8 26. f3 a6 27. b3 f5 28.
Qb4 Re7 29. Rd1 Rd7 30. Rd4 Rgd8 31. Rxd7 Qxd7 32. Qc3 Qd4 33. Kb2 Qxf4 34. e6 Rd2+ 35. Ka3 Qd6+ 36. b4 Rd3 37. Kb3 Qxe6+ 0-1

[Event "*** Titled Tuesday Blitz"]
[Site "Chess.com"]
[Date "2020.12.01"]
[Round "2"]
[White "Jospem"]
[Black "Anna_ChessMate"]
[Result "1-0"]
[WhiteElo "2966"]
[BlackElo "2571"]
[TimeControl "180+1"]
[EndTime "10:16:45 PST"]
[Termination "Jospem won by resignation"]

1. e4 c6 2. Nf3 d5 3. d3 dxe4 4. dxe4 Qxd1+ 5. Kxd1 Bg4 6. Be2 Nd7 7. Ne1 Bxe2+ 8.
Kxe2 O-O-O 9. Nd3 e5 10. Be3 Ngf6 11. f3 Ne8 12. Nd2 b6 13. a4 f6 14. a5 Kb7 15. Ra2 b5 16. a6+ Ka8 17. c4 Nc7 18. Rc1 Bd6 19. b4 Ne6 20. Nb3 Rc8 21. Rac2 bxc4 22.
Rxc4 Nb8 23. b5 Nc7 24. bxc6 Nbxa6 25. Na5 Be7 26. Nb7 Ne6 27. Ra4 Nec7 28. Rca1 Kb8 29. Rxa6 Nxa6 30. Rxa6 Kc7 31. f4 Ra8 32. fxe5 fxe5 33.
Nxe5 g5 34. Bf2 h5 35. Ng6 Bd6 36. Nxh8 1-0

[Event "*** Titled Tuesday Blitz"]
[Site "Chess.com"]
[Date "2020.12.01"]
[Round "2"]
[White "queen_iryna"]
[Black "Semetey"]
[Result "1-0"]
[WhiteElo "2323"]
[BlackElo "2605"]
[TimeControl "180+1"]
[EndTime "10:16:45 PST"]
[Termination "queen_iryna won by checkmate"]

1. e4 c5 2. Nf3 d6 3. Bb5+ Nc6 4. Bxc6+ bxc6 5. O-O e5 6. c3 Bg4 7. h3 Bh5 8. d4 exd4 9. cxd4 Bxf3 10. Qxf3 cxd4 11. e5 d5 12. Qg4 Qb6 13. e6 Nf6 14. exf7+ Kxf7 15. Qh4 Be7 16. Nd2 Rhf8 17. Nf3 c5 18. Re1 Rae8 19.
Bg5 Kg8 20. Ne5 Qxb2 21. Nc6 Qb7 22. Re6 h6 23. Bxh6 gxh6 24. Rae1 Rf7 25. Qxh6 Ne4 26. Rg6+ Rg7 27. Qxg7# 1-0

[Event "*** Titled Tuesday Blitz"]
[Site "Chess.com"]
[Date "2020.12.01"]
[Round "2"]
[White "Snegokhod"]
[Black "UmarovSabir"]
[Result "1-0"]
[WhiteElo "2449"]
[BlackElo "2255"]
[TimeControl "180+1"]
[EndTime "10:16:45 PST"]
[Termination "Snegokhod won on time"]

1. e4 g6 2. d4 Bg7 3. Nc3 c6 4. Nf3 d5 5. Bd3 Bg4 6. h3 Bxf3 7. Qxf3 dxe4 8. Nxe4 Qxd4 9. O-O Nf6 10. c3 Qd8 11. Nxf6+ Bxf6 12. Bh6 Nd7 13. Rad1 Qc7 14. Qe2 O-O-O 15. a4 Nc5 16. Bc4 e6 17. a5 Rxd1 18.
Rxd1 Rd8 19. Rc1 Qe5 20. Be3 Kb8 21. Qf3 Bg5 22. Bd4 Qf5 23. Qxf5 gxf5 24. Re1 Ne4 25. g4 Nd2 26. Be2 fxg4 27. hxg4 Nb3 28. Be5+ 1-0

[Event "*** Titled Tuesday Blitz"]
[Site "Chess.com"]
[Date "2020.12.01"]
[Round "2"]
[White "ExtremeLearner"]
[Black "MarcLonoff"]
[Result "1-0"]
[WhiteElo "2413"]
[BlackElo "2187"]
[TimeControl "180+1"]
[EndTime "10:16:47 PST"]
[Termination "ExtremeLearner won on time"]

1. d4 e6 2. Nf3 f5 3. g3 Nf6 4. Bg2 d5 5. c4 c6 6. Nc3 Bd6 7. O-O O-O 8. Qb3 Kh8 9. Bg5 Qe8 10. Bxf6 Rxf6 11. Ne5 Rf8 12. f4 Nd7 13. a4 Nf6 14. a5 Bxe5 15. dxe5 Nd7 16. cxd5 cxd5 17. Nb5 Qe7 18.
Nd6 Nc5 19. Qb4 Na6 20. Qd4 Qd7 21. b4 Nc7 22. Qd3 a6 23. Rac1 Nb5 24. Nxb5 axb5 25. Rc5 Qd8 26. Rfc1 Bd7 27. Rc7 Bc6 28. R7xc6 bxc6 29. Rxc6 Rc8 30. Rd6 Qc7 31. h3 1-0

[Event "*** Titled Tuesday Blitz"]
[Site "Chess.com"]
[Date "2020.12.01"]
[Round "2"]
[White "kikydu96"]
[Black "wonderfultime"]
[Result "0-1"]
[WhiteElo "2567"]
[BlackElo "2949"]
[TimeControl "180+1"]
[EndTime "10:16:48 PST"]
[Termination "wonderfultime won by resignation"]

1. e4 c5 2. Nf3 Nf6 3. e5 Nd5 4. d4 cxd4 5. c3 Nc6 6. cxd4 d6 7. Bc4 dxe5 8. dxe5 Ndb4 9. Qb3 e6 10. O-O Na5 11.
Bb5+ Bd7 12. Qa4 Bxb5 13. Qxb5+ Nac6 14. Nc3 a6 15. Qc4 Qd3 16. Qf4 Be7 17. Be3 Qg6 18. Rad1 Nd3 19. Qa4 Nxb2 20. Qb3 Nxd1 21. Qxb7 O-O 22.
Rxd1 Rac8 23. Qxa6 Nb4 24. Qb7 Rxc3 25. Qxe7 Nd5 26. Qd6 Nxe3 27. fxe3 Rxe3 28. Nd4 Qe4 29. Nf3 Re2 30. Kh1 Rxa2 31. h3 h6 32. Rd4 Qe2 33. Rg4 Qf1+ 34. Kh2 Qxf3 0-1

[Event "*** Titled Tuesday Blitz"]
[Site "Chess.com"]
[Date "2020.12.01"]
[Round "2"]
[White "tk22h"]
[Black "tapu2"]
[Result "1-0"]
[WhiteElo "2331"]
[BlackElo "2681"]
[TimeControl "180+1"]
[EndTime "10:16:48 PST"]
[Termination "tk22h won by resignation"]

1. d4 Nf6 2. Nf3 g6 3. g3 Bg7 4.
Bg2 O-O 5. O-O d6 6. b3 a5 7. a4 Nc6 8. Bb2 Ne4 9. Nbd2 f5 10. e3 Qe8 11. Nxe4 fxe4 12. Nd2 d5 13. f3 exf3 14.
Rxf3 Bf5 15. Rc1 Qd7 16. Rf2 h5 17. e4 Bg4 18. Qe1 e6 19. Qe3 Kh7 20. Re1 Bh6 21. Qc3 Rxf2 22. Kxf2 h4 23. Nf3 h3 24. Bh1 Rf8 25. Kg1 Bg7 26. Qd3 Bxf3 27. Bxf3 Nxd4 28. Bg4 Qf7 29. Bxd4 e5 30. Bc5 Rd8 31. Qf3 Bf6 32. Bxh3 b6 33. Bf2 d4 34. Bf1 Qe7 35. Bd3 Qg7 36. Rf1 Rf8 37. Be1 Qe7 38. Bd2 Kg7 39. Qg4 Rh8 40. Rf3 Rh7 41. Kg2 Rh8 42. h4 Rh7 43.
Bg5 Bxg5 44. Qxg5 Qxg5 45. hxg5 Rh5 46. Rf6 Rxg5 47. Rc6 1-0

[Event "*** Titled Tuesday Blitz"]
[Site "Chess.com"]
[Date "2020.12.01"]
[Round "2"]
[White "HrvojeZagreb"]
[Black "TimurGareyev"]
[Result "0-1"]
[WhiteElo "2253"]
[BlackElo "2615"]
[TimeControl "180+1"]
[EndTime "10:16:49 PST"]
[Termination "TimurGareyev won by resignation"]

1. d4 d6 2. e4 g6 3. Nc3 a6 4. Be3 Nd7 5. Qd2 b5 6. O-O-O e6 7. f3 Nb6 8. h4 Nf6 9. Bg5 Be7 10. Bh6 Bb7 11.
Nh3 Qd7 12. Ng5 Bf8 13. Bxf8 Rxf8 14. h5 h6 15. hxg6 hxg5 16. Qxg5 fxg6 17. Qxg6+ Qf7 18.
Qg3 Rg8 19. Qh3 O-O-O 20. d5 Rde8 21. a4 bxa4 22. Rd4 Kb8 23. Nxa4 exd5 24. Rb4 Nxa4 25. Rxa4 dxe4 26. Bxa6 Bxa6 27. Rxa6 Qc4 28. Ra3 Nd5 29. Qd7 Nb4 30. Rc3 Na2+ 31. Kb1 Nxc3+ 32.
bxc3 exf3 33. Kc1 fxg2 34. Rg1 Re2 35. Kb2 Rg3 36. Ra1 0-1

[Event "*** Titled Tuesday Blitz"]
[Site "Chess.com"]
[Date "2020.12.01"]
[Round "2"]
[White "SergeyShtyka"]
[Black "Soltan49"]
[Result "1-0"]
[WhiteElo "2428"]
[BlackElo "2211"]
[TimeControl "180+1"]
[EndTime "10:16:50 PST"]
[Termination "SergeyShtyka won on time"]

1. e4 c6 2. Nf3 d5 3. Nc3 dxe4 4.
Nxe4 Nf6 5. Nxf6+ gxf6 6. g3 Bg4 7. Bg2 Nd7 8. O-O e5 9. d4 Qc7 10. h3 Bh5 11. Qd3 O-O-O 12. Be3 Kb8 13. Nh4 Bg6 14. Nxg6 hxg6 15. d5 Nb6 16. c4 cxd5 17. cxd5 Bh6 18. Rac1 Qd6 19. Bc5 Qd7 20. Bxb6 axb6 21.
Rc4 Bf8 22. Rfc1 Bd6 23. h4 Rc8 24. a3 Rxc4 25. Rxc4 Rc8 26. b4 Rxc4 27. Qxc4 Qc8 28.
Qd3 Qc1+ 29. Kh2 Qxa3 30. Qxa3 1-0

[Event "*** Titled Tuesday Blitz"]
[Site "Chess.com"]
[Date "2020.12.01"]
[Round "2"]
[White "Qvalda"]
[Black "Legendinunknown"]
[Result "0-1"]
[WhiteElo "2442"]
[BlackElo "2670"]
[TimeControl "180+1"]
[EndTime "10:16:51 PST"]
[Termination "Legendinunknown won on time"]

1. e4 c6 2. Bc4 d5 3. Bb3 g6 4. d4 Bg7 5. exd5 cxd5 6. Nc3 e6 7.
Nf3 Ne7 8. O-O O-O 9. Bf4 a6 10.
a4 Nbc6 11. Re1 Nf5 12. Ne2 Na5 13. Ba2 Nd6 14. h3 b5 15. axb5 axb5 16. Bb1 Bb7 17. c3 Ne4 18. Ng3 f5 19. Ne5 Nc4 20. Rxa8 Bxa8 21.
Qc1 Nxe5 22. Bxe5 Bxe5 23. dxe5 Nxg3 24. fxg3 d4 25. Rd1 Qd5 26. Qc2 Qxe5 27. Rxd4 Qxg3 28.
Qf2 Qe5 29. Rd7 Bd5 30. Qd4 Qxd4+ 31. cxd4 Rc8 32. Bd3 b4 33. Kf2 Rc1 34. Ke3 Bxg2 35. Kf4 Rd1 36. Bc4 Bd5 37. Bxd5 Rxd4+ 38. Kg5 Rxd5 39.
Rb7 f4+ 40. Kf6 Rf5+ 41. Kxe6 f3 42. Rb8+ Kg7 0-1

[Event "*** Titled Tuesday Blitz"]
[Site "Chess.com"]
[Date "2020.12.01"]
[Round "2"]
[White "Slovak_fighter2000"]
[Black "bylavochka"]
[Result "1-0"]
[WhiteElo "2530"]
[BlackElo "2185"]
[TimeControl "180+1"]
[EndTime "10:16:53 PST"]
[Termination "Slovak_fighter2000 won by checkmate"]

1. d4 Nf6 2. c4 e6 3. Nf3 d5 4. Nc3 c6 5. e3 Qa5 6. Bd2 Qc7 7. Rc1 dxc4 8. Bxc4 Nbd7 9. O-O Be7 10. Qe2 O-O 11. e4 Nb6 12. Bb3 Qb8 13. g3 a5 14.
Bf4 Qa7 15. d5 a4 16. Bc2 cxd5 17. Be3 Qa5 18. Bxb6 Qxb6 19. exd5 Re8 20. Bxa4 Rd8 21. Rfd1 Bb4 22. Bb3 Bxc3 23. Rxc3 exd5 24. Bxd5 Nxd5 25. Rxd5 Be6 26. Rxd8+ Rxd8 27. a3 Qd6 28. Kg2 Qd7 29.
h4 Bh3+ 30. Kh2 Bg4 31. Rc4 Re8 32. Re4 Rd8 33. Qe3 Bf5 34. Rd4 Qc8 35. Rxd8+ Qxd8 36. Qd4 Qc8 37. Ne5 Be6 38. b4 Qc2 39. Qd8# 1-0

[Event "*** Titled Tuesday Blitz"]
[Site "Chess.com"]
[Date "2020.12.01"]
[Round "2"]
[White "Colombiano07"]
[Black "Bulldog167"]
[Result "0-1"]
[WhiteElo "2299"]
[BlackElo "2622"]
[TimeControl "180+1"]
[EndTime "10:16:55 PST"]
[Termination "Bulldog167 won by resignation"]

1. d4 g6 2. Nf3 Bg7 3. e3 d6 4.
Be2 Nc6 5. O-O e5 6. b3 Nge7 7. Bb2 O-O 8. c4 exd4 9. exd4 Bg4 10. Nbd2 Nf5 11. h3 Bxf3 12. Nxf3 Qf6 13. Re1 Ncxd4 14. Nxd4 Nxd4 15. Bxd4 Qxd4 16. Qxd4 Bxd4 17. Rad1 Bc3 18. Rf1 Rfe8 19. Bf3 Rab8 20. Rd3 Bb4 21. Rfd1 Kg7 22. Kf1 a6 23. a4 Bc5 24. Re1 Rxe1+ 25. Kxe1 b5 26. axb5 axb5 27. Bd5 bxc4 28. bxc4 Rb2 29. Rf3 f5 30. g4 Kf6 31. Kf1 Ke5 32. Kg2 f4 33. h4 h6 34. Kg1 g5 35. h5 Rc2 36.
Kg2 Kf6 37. Kg1 Ke5 38. Kg2 Kd4 39. Rb3 Bb6 40. Ra3 Kc5 41. Ra8 Kb4 42. Kf3 Rxf2+ 43. Ke4 f3 44. Rf8 Re2+ 45. Kxf3 Rf2+ 0-1

[Event "*** Titled Tuesday Blitz"]
[Site "Chess.com"]
[Date "2020.12.01"]
[Round "2"]
[White "MarceloPlaya"]
[Black "Hypercar"]
[Result "0-1"]
[WhiteElo "2279"]
[BlackElo "2474"]
[TimeControl "180+1"]
[EndTime "10:16:55 PST"]
[Termination "Hypercar won on time"]

1. e4 c5 2. Nf3 g6 3. d4 Bg7 4.
Nc3 cxd4 5. Nxd4 Nc6 6. Be3 d6 7. Bc4 Nf6 8. f3 O-O 9. Bb3 Bd7 10.
Qd2 Rc8 11. O-O-O Ne5 12. h4 h5 13. g4 hxg4 14. h5 Nxh5 15. Bh6 e6 16. Bxg7 Kxg7 17. Rdg1 Rh8 18. fxg4 Nf6 19. g5 Nh5 20. Qf2 Qe7 21. Kb1 a6 22. Nce2 b5 23. Nf4 Nxf4 24. Qxf4 Nc4 25. Bxc4 bxc4 26. Rh6 e5 27. Qe3 exd4 28. Qxd4+ Qe5 29. Qa7 Be6 30. Rgh1 Rxh6 31. gxh6+ Kh7 32. Qxa6 Qxe4 33. Rf1 c3 34. Qxd6 cxb2 35. Qd2 Bxa2+ 0-1

[Event "*** Titled Tuesday Blitz"]
[Site "Chess.com"]
[Date "2020.12.01"]
[Round "2"]
[White "Mambastik-Fantastic"]
[Black "Mr_Heisenberg13"]
[Result "0-1"]
[WhiteElo "2305"]
[BlackElo "2625"]
[TimeControl "180+1"]
[EndTime "10:16:56 PST"]
[Termination "Mr_Heisenberg13 won on time"]

1. e4 c5 2. Nf3 e6 3. d4 cxd4 4. Nxd4 Nf6 5. Nc3 Nc6 6. Ndb5 Bc5 7. Bg5 a6 8. Nd6+ Ke7 9. Nc4 b5 10. Ne3 b4 11. Na4 Ba7 12. Qd2 Qa5 13. Bxf6+ gxf6 14. b3 Qe5 15. Rd1 Qxe4 16. Bd3 Qe5 17. O-O Rg8 18. Kh1 Bb7 19. Nc4 Qg5 20. f4 Qg4 21.
Nd6 Rab8 22. Nxb7 Rxb7 23. Bxa6 Rc7 24. Nb2 Nd4 25. Nc4 d5 26. Ne3 Qg6 27. f5 Qg5 28.
fxe6 fxe6 29. Rde1 Kd8 30. Qxb4 Nxc2 31. Qd6+ Rd7 32.
Qxe6 Nxe3 33. Rg1 Ng4 34. Ref1 Nf2+ 35. Rxf2 Bxf2 36. Bb5 Qg4 37. Qa6 Bxg1 38. Qa8+ Ke7 39. Qa3+ Kf7 0-1

[Event "*** Titled Tuesday Blitz"]
[Site "Chess.com"]
[Date "2020.12.01"]
[Round "2"]
[White "PlotnikovPavel"]
[Black "Rud_Makarian"]
[Result "0-1"]
[WhiteElo "2473"]
[BlackElo "2712"]
[TimeControl "180+1"]
[EndTime "10:16:57 PST"]
[Termination "Rud_Makarian won by checkmate"]

1. e4 e5 2. Nf3 Nc6 3. Bc4 Bc5 4. O-O Nf6 5. d3 d6 6. c3 h6 7. Bb3 a6 8. Nbd2 Ba7 9. Re1 Ng4 10. Re2 Nf6 11.
Nc4 Nh5 12. d4 Bg4 13. Re1 Qf6 14.
d5 Bxf3 15. Qxf3 Qxf3 16. gxf3 Ne7 17. Be3 Ng6 18. Na5 Ke7 19. Nxb7 Bb6 20. Ba4 Ra7 21. Bc6 Rb8 22. a4 Raxb7 23. Bxb7 Rxb7 24. Re2 Nhf4 25. Rd2 Nh4 26. Bxf4 exf4 27. Rd3 Ng6 28. Kg2 Ne5 29. Rd2 g5 30. b4 Rb8 31. h3 h5 32. Rc2 Nc4 33. Kf1 Rg8 34. Ke2 g4 35. hxg4 hxg4 36. fxg4 Rxg4 37. Kf3 Ne5+ 38. Ke2 f3+ 39.
Kd2 Rxe4 40. Re1 f5 41. c4 Bxf2 42. Rf1 Be3+ 43. Kd1 Rd4+ 44. Ke1 Nd3+ 45. Kd1 Nf2+ 46. Ke1 Rd1# 0-1

[Event "*** Titled Tuesday Blitz"]
[Site "Chess.com"]
[Date "2020.12.01"]
[Round "2"]
[White "Korchmar_Vasiliy"]
[Black "PetrolulSah"]
[Result "0-1"]
[WhiteElo "2590"]
[BlackElo "2222"]
[TimeControl "180+1"]
[EndTime "10:16:57 PST"]
[Termination "PetrolulSah won on time"]

1. e4 e5 2. Nf3 Nc6 3. Nc3 Nf6 4. Bb5 Bb4 5. O-O O-O 6. d3 d6 7. Bg5 Bxc3 8. bxc3 Bg4 9. h3 Bh5 10. g4 Bg6 11.
Rb1 a6 12. Bxc6 bxc6 13. Re1 Qd7 14. Bxf6 gxf6 15. Qe2 h5 16. Nh4 hxg4 17. hxg4 Kg7 18. Ng2 Rh8 19. Qf3 Rh6 20. Qe3 Rah8 21. f3 Rh3 22.
Kf2 d5 23. Rb7 dxe4 24. dxe4 Rh1 25. Rbb1 R1h2 26. Rg1 R8h3 27. Rbd1 Qe6 28. Rd2 Qc4 29. g5 Qxa2 30. gxf6+ Kxf6 31. Ke2 Rg3 0-1

[Event "*** Titled Tuesday Blitz"]
[Site "Chess.com"]
[Date "2020.12.01"]
[Round "2"]
[White "MasterKroket"]
[Black "ApoIogiA"]
[Result "1-0"]
[WhiteElo "2394"]
[BlackElo "2133"]
[TimeControl "180+1"]
[EndTime "10:16:57 PST"]
[Termination "MasterKroket won by resignation"]

1. d4 Nf6 2. c4 g6 3. Nc3 d5 4. cxd5 Nxd5 5. e4 Nxc3 6. bxc3 Bg7 7. Be3 c5 8. Qd2 Nc6 9. Nf3 O-O 10. d5 Qa5 11. Rc1 Ne5 12. Nxe5 Bxe5 13. f4 Bg7 14. Be2 Rd8 15. O-O b6 16. e5 Bb7 17. c4 Qxd2 18.
Bxd2 f6 19. e6 f5 20. a4 Bd4+ 21. Kh1 a5 22. Bc3 Bxc3 23. Rxc3 Rd6 24. Rb3 Ba6 25. Bd3 Rb8 26. h3 Kg7 27. g4 Kf6 28. gxf5 gxf5 29.
Rg1 Rbd8 30. Rg3 Bc8 31. Bc2 h6 32. Rb1 Bxe6 33. dxe6 Rd2 34. Rb2 Re2 35. Rg2 Re1+ 36. Kh2 Rd4 37. Rxb6 Rxc4 38. Bb3 Rxf4 39. Rc6 Re3 40.
Bd5 Rd4 41. Ba2 Rxa4 42. Rxc5 Rxa2 43. Rxa2 1-0

[Event "*** Titled Tuesday Blitz"]
[Site "Chess.com"]
[Date "2020.12.01"]
[Round "2"]
[White "tigra"]
[Black "ehrenfeld"]
[Result "0-1"]
[WhiteElo "2772"]
[BlackElo "2516"]
[TimeControl "180+1"]
[EndTime "10:16:58 PST"]
[Termination "ehrenfeld won by checkmate"]

1. e4 d6 2. d4 g6 3. Nd2 Bg7 4. c3 Nf6 5. Bd3 O-O 6. Ngf3 Nc6 7.
Nf1 e5 8. d5 Ne7 9. c4 h6 10.
h3 Nd7 11. g4 Nc5 12. Bc2 f5 13. gxf5 gxf5 14. Rg1 Kh8 15. Nh4 fxe4 16. Bxh6 Bxh6 17. Qh5 Rf6 18. Ng6+ Kh7 19. Nxe7 Qxe7 20. Ng3 Qf7 21. Nxe4 Nxe4 22. Bxe4+ Bf5 23. Qe2 Bxe4 24. Qxe4+ Kh8 25. Qh4 Rf8 26. f4 Qh7 27. Rg4 Rxf4 28. Rxf4 Rxf4 29. Qd8+ Qg8 30. Qxg8+ Kxg8 31. b3 Rf3 32. h4 Rh3 33. Ke2 Rxh4 34. Rf1 Kg7 35. Kd3 Bf4 36. Rg1+ Kf6 37.
Rg8 Rh2 38. a4 a5 39. Rf8+ Kg5 40. Rf7 Kg4 41. c5 Kf3 42. c6 bxc6 43. dxc6 e4+ 44. Kc4 e3 45. Kb5 e2 46. Rxc7 e1=Q 47. Ka6 Qb4 48. Rb7 Qc5 49. c7 Rh8 50. Rb8 Qc6+ 51. Ka7 Qxc7+ 52. Ka6 Qxb8 53. b4 Qxb4 54. Ka7 Be3+ 55. Ka6 Qb6# 0-1

[Event "*** Titled Tuesday Blitz"]
[Site "Chess.com"]
[Date "2020.12.01"]
[Round "2"]
[White "Ze-Pequeno"]
[Black "Gurvich_Vitaly"]
[Result "0-1"]
[WhiteElo "2194"]
[BlackElo "2604"]
[TimeControl "180+1"]
[EndTime "10:16:58 PST"]
[Termination "Gurvich_Vitaly won by resignation"]

1. e4 c5 2. Nf3 Nc6 3. d4 cxd4 4. Nxd4 e5 5. Nb5 d6 6. N1c3 a6 7. Na3 b5 8. Nd5 Nge7 9. c4 Nxd5 10. exd5 Nd4 11. Bd3 Bd7 12. O-O g6 13. Be3 Nf5 14.
cxb5 Nxe3 15. fxe3 f5 16. e4 Qb6+ 17. Kh1 f4 18.
bxa6 Qxb2 19. Nc4 Qd4 20. Qb3 Rxa6 21. Nxe5 Rb6 22. Qc4 Qxe5 23. Qc7 Rb2 24. a4 f3 25. Rxf3 Qg5 26. Rg3 Qe5 27. a5 Rb7 28. Qc1 Bg7 29. Ra2 O-O 30. a6 Ra7 31. Rf3 Rc8 32. Qg1 Qd4 33. h3 Qxg1+ 34. Kxg1 Bd4+ 35. Kh2 Rc1 36. Ra4 Be5+ 37. g3 Bxa4 38. Bb5 Bxb5 0-1

[Event "*** Titled Tuesday Blitz"]
[Site "Chess.com"]
[Date "2020.12.01"]
[Round "2"]
[White "Rodalquilar"]
[Black "zverr1"]
[Result "1-0"]
[WhiteElo "2687"]
[BlackElo "2468"]
[TimeControl "180+1"]
[EndTime "10:16:59 PST"]
[Termination "Rodalquilar won by checkmate"]

1. d4 Nf6 2. Bf4 g6 3. e3 d6 4. Be2 Bg7 5. Nf3 c5 6. O-O Qb6 7. Nbd2 cxd4 8. exd4 Nc6 9. c3 O-O 10. h3 Qd8 11. Bh2 Bf5 12. a4 Ne4 13. Nxe4 Bxe4 14. Re1 e5 15. dxe5 dxe5 16. Qb3 Qb6 17. Qxb6 axb6 18.
Nd2 Bd5 19. Bc4 Rfd8 20. Bxd5 Rxd5 21. Nc4 Ra6 22. b4 b5 23. Ne3 Rd3 24. axb5 Rxa1 25. Rxa1 Ne7 26. Ra8+ Bf8 27. Bxe5 f6 28. Bxf6 Kf7 29.
Bd4 Bh6 30. Ng4 Bf4 31. g3 Bd6 32. Ra7 h5 33. Ne5+ Bxe5 34. Bxe5 Ke6 35. Rxb7 Nd5 36. Bd4 Nxc3 37. Bxc3 Rxc3 38. Rb6+ Kf5 39. Rc6 Rb3 40.
Rc4 Rd3 41. b6 Rd6 42. Rc5+ Ke4 43. Rb5 Kf3 44. b7 Rd1+ 45. Kh2 Rd2 46. b8=Q Rxf2+ 47. Kg1 Rg2+ 48. Kf1 Rf2+ 49. Ke1 Re2+ 50. Kd1 Re4 51. Qf8+ Kxg3 52. Rg5+ Kxh3 53. Qf3+ Kh2 54. Qg2# 1-0

[Event "*** Titled Tuesday Blitz"]
[Site "Chess.com"]
[Date "2020.12.01"]
[Round "2"]
[White "Agibileg"]
[Black "daro94"]
[Result "0-1"]
[WhiteElo "2532"]
[BlackElo "2844"]
[TimeControl "180+1"]
[EndTime "10:17:01 PST"]
[Termination "daro94 won by checkmate"]

1. d4 Nf6 2. c4 d6 3. Nc3 e5 4. Nf3 Nbd7 5. e4 g6 6. Be2 Bg7 7. O-O O-O 8. Be3 c6 9. d5 c5 10. Ne1 Kh8 11. Nd3 Ng8 12. a3 f5 13. f3 f4 14. Bf2 g5 15. b4 b6 16. bxc5 Nxc5 17. Nxc5 bxc5 18. Qa4 Nf6 19. Qc6 Rb8 20. Rab1 Rxb1 21.
Rxb1 g4 22. Rb8 g3 23. hxg3 fxg3 24. Bxg3 Nh5 25. Bf2 Nf4 26. Kf1 Bh6 27. Nb5 Qg5 28.
Rxc8 Qxg2+ 29. Ke1 Qh1+ 30. Bf1 Nd3+ 31. Ke2 Qxf3# 0-1

[Event "*** Titled Tuesday Blitz"]
[Site "Chess.com"]
[Date "2020.12.01"]
[Round "2"]
[White "sopo-tereladze"]
[Black "IMJonathanCarlstedt"]
[Result "0-1"]
[WhiteElo "2283"]
[BlackElo "2495"]
[TimeControl "180+1"]
[EndTime "10:17:01 PST"]
[Termination "IMJonathanCarlstedt won by resignation"]

1. d4 Nf6 2. Nf3 e6 3. Bf4 c5 4. e3 Nc6 5. c3 d5 6. Bd3 Be7 7. O-O Nh5 8. Be5 f6 9. Nh4 fxe5 10.
Qxh5+ Kd7 11. dxe5 Bxh4 12. Nd2 Be7 13. e4 d4 14. cxd4 Nxd4 15. Rac1 Qe8 16. Qh3 Qg6 17. Rfd1 b6 18. f4 Kd8 19. Nf3 Bd7 20. f5 Qh6 21.
Qg4 Rf8 22. Bc4 exf5 23. exf5 Bxf5 24. Rxd4+ cxd4 25. Qxd4+ Ke8 26. Bb5+ Kf7 27. Rc7 Rfd8 28. Bc4+ Kf8 29. Qf2 Qc1+ 30. Ne1 g6 31. Rxe7 Kxe7 32. Qh4+ Kd7 33. Bb5+ Kc8 34. Ba6+ Kb8 35. Qxd8+ Bc8 36. Qd6+ Qc7 37. Qf8 Qc5+ 38. Kf1 Qxf8+ 0-1